 Dungeon Crawl Stone Soup version 0.20.0-8-g6b59dc7 (webtiles) character file.

6137 miragecloak the Martial Artist (level 10, -4/64 HPs)
             Began as an Octopode Transmuter on May 31, 2017.
             Was a Follower of Ashenzari.
             Shot with an arrow by a centaur (17 damage)
             ... on level 9 of the Dungeon.
             The game lasted 00:25:57 (13138 turns).

miragecloak the Martial Artist (OpTm)              Turns: 13138, Time: 00:25:57

Health: -4/64      AC:  2    Str: 10      XL:     10   Next: 89%
Magic:  4/11       EV: 31    Int: 20      God:    Ashenzari [*.....]
Gold:   387        SH:  0    Dex: 22 (23) Spells: 9/13 levels left

rFire    . . .     SeeInvis .     - Unarmed
rCold    . . .     Gourm    .   (shield currently unavailable)
rNeg     . . .     Faith    .   (helmet currently unavailable)
rPois    x         Spirit   .   f - amulet of magic regeneration (curse)
rElec    .         Reflect  .   x - +3 ring of intelligence
rCorr    .         Harm     .   (no ring)
MR       .....                  (no ring)
Stlth    ++........             (no ring)
Regen    0.2/turn               (no ring)
MPRegen  0.2/turn               (no ring)
                                (no ring)
                                (no ring)

@: about to teleport, spider-form, very slightly contaminated
A: almost no armour, stealthy swim, (amphibious), 8 rings, (constrict 8), rugged
brown scales 1, agile 1, clever 1, frail 1, low mp 1, evolution 1, subdued magic
1, MP-powered wands
a: End Transformation, Curse Item, Scrying, Renounce Religion


You were on level 9 of the Dungeon.
You worshipped Ashenzari.
Ashenzari was aware of your devotion.
You were not hungry.
You were a venomous arachnid creature.
You visited 2 branches of the dungeon, and saw 10 of its levels.

You collected 387 gold pieces.

Inventory:

Missiles
 a - 182 arrows
Jewellery
 f - a cursed amulet of magic regeneration (around neck)
 i - the ring "Vopniucsoi" {Ice rN+ Int+8 Dex-4}
   (You took it off an orc on level 8 of the Dungeon)

   [ring of ice]

   It enhances your ice magic.
   It affects your intelligence (+8).
   It affects your dexterity (-4).
   It makes you vulnerable to fire.
   It protects you from cold.
   It protects you from negative energy.
 x - a +3 ring of intelligence (left front leg)
 D - an uncursed amulet of regeneration
Wands
 w - a wand of lightning (8/15)
 A - a wand of polymorph (16/24)
 C - a wand of enslavement (22/24)
Scrolls
 d - 4 scrolls of identify {unknown}
 h - a scroll of fog {unknown}
 j - 3 scrolls of teleportation
 m - a scroll of enchant weapon {unknown}
 n - 7 scrolls of remove curse
 t - 3 scrolls of magic mapping {unknown}
 B - a scroll of amnesia {unknown}
Potions
 e - 4 potions of curing {unknown}
 g - 2 potions of mutation {unknown}
 k - 3 potions of agility {unknown}
 l - a potion of lignification {unknown}
 o - a potion of invisibility {unknown}
 p - a potion of magic {unknown}
 q - 4 potions of berserk rage {unknown}
 r - a potion of cancellation {unknown}
 s - 2 potions of might {unknown}
Books
 b - a book of Changes

   Spells                             Type                      Level
   a - Beastly Appendage              Transmutation                1
   b - Sticks to Snakes               Transmutation                2
   c - Spider Form                    Transmutation/Poison         3
   d - Ice Form                       Ice/Transmutation            4
   e - Blade Hands                    Transmutation                5
 y - a Young Poisoner's Handbook

   Spells                             Type                      Level
   a - Sting                          Conjuration/Poison           1
   b - Poisonous Vapours              Poison/Air                   2
   c - Mephitic Cloud                 Conjuration/Poison/Air       3
   d - Olgreb's Toxic Radiance        Poison                       4
   e - Venom Bolt                     Conjuration/Poison           5
Comestibles
 c - 6 bread rations
 u - 2 meat rations
 v - 2 royal jellies


   Skills:
 + Level 6.4 Fighting
 + Level 9.2 Dodging
 - Level 11.1 Unarmed Combat
 - Level 2.0 Spellcasting
 - Level 4.1 Transmutations
 - Level 3.1 Poison Magic


You had 9 spell levels left.
You knew the following spells:

 Your Spells              Type           Power        Failure   Level  Hunger
a - Beastly Appendage     Tmut           ##....       8%          1    #......
b - Spider Form           Tmut/Pois      ##........   22%         3    ###....


Dungeon Overview and Level Annotations

Branches:
Dungeon (9/15)             Temple (1/1) D:5
   Lair: D:8-11         Orc: D:9-12

Altars:
Ashenzari
Cheibriados
Dithmenos
Elyvilon
Fedhas
Gozag
Hepliaklqana
Kikubaaqudgha
Makhleb
Nemelex Xobeh
Okawaru
Qazlal
Ru
Sif Muna
Trog
Uskayaw
Vehumet
Xom
Yredelemnul
Zin
The Shining One

Annotations:
D:5 Grinder


Innate Abilities, Weirdness & Mutations

You cannot wear most types of armour.
You are very stealthy in the water. (Stealth+)
((You are amphibious.))
You can wear up to eight rings at the same time.
((You can use your tentacles to constrict eight enemies at once.))
((Your skin changes colour to match your surroundings (Stealth+).))
((Your rubbery body absorbs attacks. (AC +1, EV +1)))
((You are partially covered in molten scales. (AC +2)))
(You are partially covered in rugged brown scales. (AC +1, +3% HP))
((You are partially covered in thin metallic scales. (AC +2)))
You are agile. (Dex +2)
Your mind is acute. (Int +2)
You are frail. (-10% HP)
Your magical capacity is low. (-10% MP)
You evolve.
Your spells are a little easier to cast, but a little less powerful.
You expend magic power (3 MP) to strengthen your wands.


Message History

* * * LOW HITPOINT WARNING * * *
The ogre completely misses you.
The howler monkey hits the fungus.
The bullfrog hits the plant but does no damage.
Something hits the fungus!
The centaur shoots an arrow.
The arrow misses you.
The arrow hits the scorpion.
The howler monkey hits the fungus.
Found a scroll labeled LEACUSH UPLE.
A bullfrog comes into view.
The bullfrog hits the plant!
The bullfrog hits you.
* * * LOW HITPOINT WARNING * * *
The bullfrog hits something.
The bullfrog hits the plant but does no damage.
The bullfrog misses you.
The howler monkey hoots and howls with incredible vigour!
The bullfrog moves out of view.
The centaur shoots an arrow.
The arrow closely misses you.
The bullfrog hits the fungus!
The howler monkey hits the fungus but does no damage.
The centaur shoots an arrow.
The arrow hits you!
You die...

# # #.#........
#.#.#.#?........
..#.#...........
............... #
#.#.#...(.....
###.#.......=.....
......#...........
#....<.s...P....
#.....OFs......P
#...#....P..PPPP
#...#.#.P..P.PP.
#.. #..c..P.PP.P
#.. ##.P...PPFPP
#.


#..PP.PhPP. #. #...PPP.PFP #...PPPFP.P You could see an ogre, 4 bullfrogs, a
centaur, a scorpion and a howler monkey.

Vanquished Creatures
  An unseen horror (D:8)
  2 hippogriffs
  Sigmund (D:5)
  A wraith (D:8)
  A human (D:7)
  2 yaks (D:7)
  A wyvern (D:8)
  2 hogs (D:7)
  A hungry ghost (D:8)
  Edmund (D:5)
  A steam dragon (D:8)
  2 insubstantial wisps (D:8)
  5 orc warriors
  2 necrophages
  An ice beast (D:6)
  5 sky beasts
  2 ogres
  2 phantoms (D:7)
  4 centaurs
  6 bullfrogs
  A big kobold (D:8)
  A scorpion (D:5)
  A water moccasin skeleton (D:8)
  2 crimson imps
  4 hounds
  A jelly (D:7)
  A centaur skeleton (D:8)
  6 orc priests
  5 orc wizards
  3 bullfrog skeletons
  2 iguanas
  5 worker ants
  A hound skeleton (D:8)
  A howler monkey zombie (D:7)
  8 adders
  2 gnolls
  A shadow imp (D:6)
  An adder skeleton (D:8)
  3 worms
  2 dart slugs
  4 leopard geckos
  31 orcs
  6 giant cockroaches
  3 goblins
  5 hobgoblins
  10 jackals
  11 kobolds
  4 quokkas
  4 ball pythons
  10 bats
  6 frilled lizards
  A quokka skeleton (D:4)
  10 rats
  A plant (D:5)
200 creatures vanquished.

Notes
Turn   | Place    | Note
-------+----------+-------------------------------------------
     0 | D:1      | miragecloak the Octopode Transmuter began the quest for the Orb.
     0 | D:1      | Reached XP level 1. HP: 13/13 MP: 3/3
    79 | D:1      | Reached XP level 2. HP: 15/18 MP: 3/5
   583 | D:1      | Reached XP level 3. HP: 23/23 MP: 4/6
   694 | D:2      | Found a basalt altar of Yredelemnul.
   871 | D:2      | Found a sacrificial altar of Ru.
   872 | D:2      | Found a radiant altar of Vehumet.
  1267 | D:2      | Found a white marble altar of Elyvilon.
  1479 | D:2      | Reached XP level 4. HP: 19/28 MP: 5/7
  1652 | D:2      | Learned a level 3 spell: Spider Form
  1693 | D:2      | Reached skill level 1 in Poison Magic
  1812 | D:3      | HP: 1/28 [gnoll/spear (6)]
  2429 | D:4      | Found a blossoming altar of Fedhas.
  3235 | D:4      | Reached XP level 5. HP: 26/33 MP: 3/8
  3288 | D:5      | Entered Level 5 of the Dungeon
  3288 | D:5      | Noticed Grinder
  3288 | D:5      | Noticed Edmund
  3565 | D:5      | Found an iron altar of Okawaru.
  3793 | D:5      | Found a snail-covered altar of Cheibriados.
  3804 | D:5      | Paralysed by Grinder for 7 turns
  4097 | D:6      | Noticed an ice beast
  4125 | D:5      | Reached skill level 4 in Unarmed Combat
  4136 | D:5      | Found a staircase to the Ecumenical Temple.
  4176 | D:5      | Killed Edmund
  4176 | D:5      | Reached skill level 5 in Unarmed Combat
  4176 | D:5      | Reached XP level 6. HP: 13/38 MP: 7/9
  4276 | Temple   | Entered the Ecumenical Temple
  4982 | D:5      | Reached skill level 6 in Unarmed Combat
  4982 | D:5      | Reached XP level 7. HP: 2/43 MP: 3/10
  5286 | D:5      | Noticed Sigmund
  5332 | D:5      | Killed Sigmund
  5364 | D:5      | Reached skill level 7 in Unarmed Combat
  5876 | D:5      | Reached skill level 8 in Unarmed Combat
  5876 | D:5      | Reached XP level 8. HP: 32/48 MP: 7/11
  5879 | D:5      | Gained mutation: Your spells are a little easier to cast, but a little less powerful. [mutagenic meat]
  5880 | D:5      | Gained mutation: Your mind is acute. (Int +2) [mutagenic meat]
  5881 | D:5      | Gained mutation: You expend magic power (3 MP) to strengthen your wands. [mutagenic meat]
  5882 | D:5      | Gained mutation: You are partially covered in thin metallic scales. (AC +2) [mutagenic meat]
  6189 | D:3      | Found a bloodstained altar of Trog.
  8930 | D:7      | Found an opulent altar of Gozag.
  8956 | D:7      | Reached XP level 9. HP: 50/59 MP: 8/12
  9054 | D:7      | Reached skill level 5 in Fighting
  9054 | D:7      | Reached skill level 9 in Unarmed Combat
  9257 | D:7      | Found a sparkling altar of Nemelex Xobeh.
  9395 | D:7      | Reached skill level 5 in Dodging
  9891 | D:7      | Gained mutation: You are agile. (Dex +2) [mutagenic meat]
  9892 | D:7      | Gained mutation: Your body sometimes deteriorates upon taking damage. [mutagenic meat]
  9893 | D:7      | Gained mutation: You are partially covered in molten scales. (AC +2) [mutagenic meat]
  9894 | D:7      | Lost mutation: You expend magic power (3 MP) to strengthen your wands. [mutagenic meat]
  9895 | D:7      | Gained mutation: You are frail. (-10% HP) [mutagenic meat]
 10264 | D:7      | Found a shattered altar of Ashenzari.
 10277 | D:7      | Became a worshipper of Ashenzari the Shackled
 10285 | D:7      | Found a stormy altar of Qazlal.
 10925 | D:7      | Reached XP level 10. HP: 51/59 MP: 10/13
 11154 | D:8      | Reached skill level 10 in Unarmed Combat
 11733 | D:8      | Killed an unseen horror
 11958 | D:8      | Identified the ring "Vopniucsoi" {Ice rN+ Int+8 Dex-4} (You took it off an orc on level 8 of the Dungeon)
 12225 | D:8      | Noticed a two-headed ogre
 12369 | D:8      | Found an ancient bone altar of Kikubaaqudgha.
 12504 | D:8      | Reached * piety under Ashenzari
 12554 | D:8      | Gained mutation: Your magical capacity is low. (-10% MP) [mutagenic meat]
 12555 | D:8      | Gained mutation: You possess an exceptional clarity of mind. [mutagenic meat]
 12556 | D:8      | Lost mutation: You possess an exceptional clarity of mind. [mutagenic meat]
 12558 | D:8      | Gained mutation: You are partially covered in rugged brown scales. (AC +1, +3% HP) [mutagenic meat]
 12559 | D:8      | Gained mutation: You expend magic power (3 MP) to strengthen your wands. [mutagenic meat]
 12606 | D:8      | Reached skill level 11 in Unarmed Combat
 12619 | D:8      | Gained mutation: You evolve. [mutagenic meat]
 12824 | D:8      | Lost mutation: Your body sometimes deteriorates upon taking damage. [evolution]
 12965 | D:8      | Found a burning altar of Makhleb.
 13138 | D:9      | Shot with an arrow by a centaur

Skill      XL: |  1  2  3  4  5  6  7  8  9 10 |
---------------+-------------------------------+-----
Transmutations | 3 4 |  4.1
Poison Magic   | 3 |  3.1
Unarmed Combat | 5 6 8 9 11 | 11.1
Fighting       | 4 5 6 |  6.4
Dodging        | 4 7 9 |  9.2
Spellcasting   | |  2.0

Action                   |  1- 3 |  4- 6 |  7- 9 | 10-12 || total
-------------------------+-------+-------+-------+-------++-------
Melee: Unarmed           |    89 |   106 |   289 |   212 ||   696
       Constrict         |    26 |     3 |     4 |     2 ||    35
       Kick              |    20 |     3 |       |       ||    23
       Tentacles         |    15 |     2 |     7 |     5 ||    29
       Punch             |     1 |       |     1 |       ||     2
 Cast: Beastly Appendage |    26 |     6 |     1 |       ||    33
       Spider Form       |       |    21 |    55 |    33 ||   109
Invok: Curse Item        |       |       |     1 |       ||     1
  Use: Scroll            |       |       |     1 |     1 ||     2
       Potion            |       |       |       |     3 ||     3
 Stab: Sleeping          |     4 |     1 |     2 |     1 ||     8
       Distracted        |       |       |       |     1 ||     1
  Eat: Chunk             |     2 |     7 |    29 |    14 ||    52
       Meat ration       |       |     2 |       |       ||     2
       Bread ration      |       |       |     1 |       ||     1
       Royal jelly       |       |       |       |     2 ||     2
Armor: Skin              |     9 |     9 |    12 |     7 ||    37
Dodge: Dodged            |    60 |    89 |   240 |   200 ||   589
